AoeStats
← avatar

Arabia

510424996Analyzed
1v1 RM · 1d ago on Oct 1, 2026· 49m 50s· 2 players
Game mode
Random Map
Map size
Tiny (2 player)
Population
200
Speed
Normal
Resources
Standard
Victory
Conquest
Starting age
Dark Age
Ending age
Imperial Age
RankedLock teamsTeams togetherTeam positionsShared explorationLock speedFull tech treeHidden civsTurbo modeCheats
Victory
Defeat
🇺🇸 Persians · United States
932
+15
🇨🇱 Mapuche · Chile
911
-15
avatar
8:45 Loom
13:35 Feudal Age
18:32 Double-Bit Axe
20:29 Fletching
27:04 Castle Age
26:28 Padded Archer Armor
27:11 Pikeman
27:54 Scale Mail Armor
37:11 Elite Skirmisher
40:08 Crossbowman
41:07 Leather Archer Armor
40:49 Bodkin Arrow
47:28 Wheelbarrow
47:06 Bow Saw
46:37 Horse Collar
Jawsh
10:13 Feudal Age
9:22 Loom
12:58 Bloodlines
13:42 Double-Bit Axe
13:39 Horse Collar
14:13 Scale Barding Armor
14:25 Forging
19:36 Scale Barding Armor
22:19 Castle Age
22:47 Gold Mining
25:52 Bow Saw
26:04 Chain Barding Armor
26:16 Husbandry
27:47 Iron Casting
31:23 Kamandaran
31:33 Padded Archer Armor
31:31 Fletching
31:24 Crossbowman
32:59 Leather Archer Armor
32:40 Bodkin Arrow
34:15 Thumb Ring
35:45 Ballistics
35:56 Heavy Plow
39:50 Imperial Age
37:56 Wheelbarrow
39:44 Hand Cart
39:44 Cavalier
39:48 Light Cavalry
41:02 Ring Archer Armor
41:08 Plate Barding Armor
41:04 Conscription
41:34 Gold Shaft Mining
42:02 Two-Man Saw
43:05 Chemistry
43:08 Blast Furnace
45:08 Town Watch
45:17 Savar
48:17 Masonry
49:13 Hoardings
49:01 Hussar
Connection lost

Rejoining the realm…

Still unreachable

The connection could not be restored.

Session expired

The server has moved on; the page needs a fresh start.